 Dungeon Crawl Stone Soup version 0.28.0 (webtiles) character file.

Game seed: 11531901012698977063

277 RascalDebosk the Grave Robber (level 6, 0/44 HPs)
             Began as a Demonspawn Necromancer on Feb 12, 2022.
             Slain by an orc wizard (2 damage)
             ... on level 4 of the Dungeon.
             The game lasted 00:34:12 (4027 turns).

RascalDebosk the Grave Robber (DsNe)                Turns: 4027, Time: 00:34:12

Health: 0/44       AC:  3    Str:  9    XL:     6   Next: 4%
Magic:  10/10      EV: 13    Int: 18    God:
Gold:   190        SH:  0    Dex: 19    Spells: 3/11 levels left

rFire   . . .      SeeInvis .   d - +0 whip (drain)
rCold   . . .      Faith    .   (no shield)
rNeg    . . .      Spirit   .   a - +0 robe
rPois   .          Reflect  .   e - +0 hat
rElec   .          Harm     .   (no cloak)
rCorr   +          Rampage  .   f - +0 pair of gloves
Will    .....                   (no boots)
Stlth   +++.......              k - amulet of Fallacy {RegenMP rCorr}
HPRegen 0.14/turn               b - +6 ring of dexterity
MPRegen 0.52/turn               (no ring)

@: no status effects
A: sturdy frame 1, demonic magic 2, demonic touch 1
a: no special abilities


You were on level 4 of the Dungeon.
You visited 1 branch of the dungeon, and saw 4 of its levels.

You collected 190 gold pieces.

Inventory:

Hand Weapons
 d - a +0 whip of draining (weapon)
 o - a +0 falchion of flaming
Armour
 a - a +0 robe (worn)
 e - a +0 hat (worn)
 f - a +0 pair of gloves (worn)
Jewellery
 b - a +6 ring of dexterity (left hand)
 k - the amulet of Fallacy (around neck) {RegenMP rCorr}
   (You found it on level 3 of the Dungeon)

   [amulet of magic regeneration]

   It increases your rate of magic regeneration.
   rCorr:     It protects you from acid and corrosion.
Scrolls
 g - a scroll of teleportation {unknown}
 l - a scroll of noise {unknown}
Potions
 c - 2 potions of attraction
 h - a potion of brilliance {unknown}
 i - a potion of might {unknown}
 j - a potion of lignification {unknown}
 m - a potion of heal wounds {unknown}
 n - a potion of curing {unknown}


   Skills:
 + Level 1.8 Fighting
 + Level 1.4 Armour
 + Level 2.4 Dodging
 * Level 3.3 Stealth
 * Level 3.1 Spellcasting
 * Level 5.5 Necromancy


You had 3 spell levels left.
You knew the following spells:

 Your Spells              Type           Power      Damage    Failure   Level
a - Pain                  Necr           88%        1d8       1%          1
c - Vampiric Draining     Necr           22%        2d7       4%          3
d - Animate Dead          Necr           11%        N/A       17%         4

Your spell library contained the following spells:

 Spells                   Type           Power      Damage    Failure   Level
 Animate Skeleton         Necr           44%        N/A       1%          1
 Slow                     Hex            8%         N/A       16%         1
 Sting                    Tmut/Pois      8%         1d3       16%         1
 Poisonous Vapours        Pois/Air       4%         N/A       24%         2
 Confusing Touch          Hex            2%         N/A       43%         3
 Gell's Gravitas          Tloc           2%         N/A       43%         3
 Lesser Beckoning         Tloc           2%         N/A       43%         3
 Teleport Other           Tloc           2%         N/A       43%         3
 Agony                    Necr           22%        N/A       43%         5
 Olgreb's Toxic Radiance  Pois           2%         N/A       85%         4


Dungeon Overview and Level Annotations

Branches:
Dungeon (4/15)
 Temple: D:4-7

Altars:
Uskayaw


Innate Abilities, Weirdness & Mutations

Your movements are slightly less encumbered by armour. (ER -2)
Spells you cast may paralyse nearby enemies.
Your touch may inflict minor irresistible damage on your foes.


Message History

You hit the orc.
The orc is severely wounded.
The orc hits you with a +0 morningstar.
You hit the orc.
The orc is severely wounded.
The orc barely misses you.
You hit the orc but do no damage.
The orc is severely wounded.
The orc barely misses you.
You closely miss the orc.
The orc is severely wounded.
The orc hits you with a +0 morningstar.
You barely miss the orc.
The orc is severely wounded.
The orc hits you with a +0 morningstar!
* * * LOW HITPOINT WARNING * * *
You hit the orc.
You kill the orc!
The orc barely misses you.
Things that are here:
a +0 morningstar; a +0 leather armour; an orc corpse You barely miss the orc.
You touch the orc.
You kill the orc!
You closely miss something. Something hits you.
* * * LOW HITPOINT WARNING * * *
You barely miss something. Something hits you but does no damage.
You barely miss something. Something hits you.
* * * LOW HITPOINT WARNING * * *
You closely miss something. Something hits you.
* * * LOW HITPOINT WARNING * * *
You hit something but do no damage.
You hear some strange, mumbled words.
A puff of flame appears from out of thin air!
The puff of flame misses you.
You closely miss something.
You touch something.
Something hits you.
* * * LOW HITPOINT WARNING * * *
Something hits you but does no damage.
You closely miss something. Something hits you but does no damage.
You miss something. Something hits you.
You die...

........##..##...
.....##..#.#.## #.......
#### ..#...#.....[.. ###...#
.### .###.....#.#..# ### .#.
## #...<......# #..
.........## . #####.. #
.......... ..#...#.. .#
##........ .... #{###.#.
#........# ..###@..##.
#.)....[..
##.#.....#.###..####.#
#...#...#.... #.. #
#)..#####.....#######. #.
#...#...#...###.....#.
#.###.#.....#..###.⌠.⌠.#.
##...###...##....'.._..'.
#.....#.###.#.†..#.⌠.⌠.#(
#...#...#...#...#...#.....#.


There were no monsters in sight!

Vanquished Creatures
  A water moccasin skeleton (D:4)
  A centaur skeleton (D:4)
  Jessica (D:3)
  An iguana (D:2)
  An orc wizard (D:2)
  A hound skeleton (D:4)
  4 adders
  A worm (D:2)
  3 dart slugs (D:1)
  6 orcs
  8 ball pythons
  3 bats
  6 endoplasms
  2 giant cockroaches
  5 goblins
  5 hobgoblins
  A quokka (D:2)
  A frilled lizard (D:1)
  3 kobolds
  13 rats
67 creatures vanquished.

Vanquished Creatures (collateral kills)
  An endoplasm (D:2)
  A giant cockroach (D:2)
  A rat (D:1)
3 creatures vanquished.

Vanquished Creatures (others)
  2 withered plants (D:3)
2 creatures vanquished.

Grand Total: 72 creatures vanquished

Notes
Turn   | Place    | Note
-------+----------+-------------------------------------------
     0 | D:1      | RascalDebosk the Demonspawn Necromancer began the quest for
                  | the Orb.
     0 | D:1      | Reached XP level 1. HP: 13/13 MP: 3/3
   253 | D:1      | Learned a level 1 spell: Animate Skeleton
   343 | D:1      | Gained mutation: Spells you cast may paralyse adjacent
                  | enemies. [demonic ancestry]
   343 | D:1      | Reached XP level 2. HP: 19/19 MP: 5/5
  1165 | D:1      | Reached XP level 3. HP: 19/25 MP: 4/6
  1360 | D:1      | Learned a level 3 spell: Vampiric Draining
  1691 | D:2      | Reached skill level 1 in Fighting
  1704 | D:2      | Gained mutation: Your movements are slightly less
                  | encumbered by armour. (ER -2) [demonic ancestry]
  1704 | D:2      | Reached XP level 4. HP: 13/32 MP: 2/7
  2039 | D:2      | Reached skill level 5 in Necromancy
  2407 | D:2      | Reached skill level 1 in Armour
  2585 | D:3      | Identified the amulet of Fallacy {RegenMP rCorr}
  2616 | D:3      | Noticed Jessica
  2622 | D:3      | Killed Jessica
  2623 | D:3      | Gained mutation: Your touch may inflict minor irresistible
                  | damage on your foes. [demonic ancestry]
  2623 | D:3      | Reached XP level 5. HP: 31/37 MP: 4/9
  2692 | D:3      | Found a faded altar of an unknown god.
  3140 | D:4      | Learned a level 4 spell: Animate Dead
  3650 | D:4      | Found a hide-covered altar of Uskayaw.
  3669 | D:4      | Gained mutation: Spells you cast may paralyse nearby
                  | enemies. [demonic ancestry]
  3669 | D:4      | Reached XP level 6. HP: 43/44 MP: 10/10
  4025 | D:4      | HP: 2/44 [something (1)]
  4027 | D:4      | Slain by an orc wizard

Illustrated notes

Levels and vault maps discovered:
D:1:      nicolae_arrival_somewhat_less_tricky_arrival, layout_basic,
          minmay_rat_gold_closets
D:2:      layout_rooms
D:3:      layout_rooms, shapermc_ecumenical_altar_flowoftime, uniq_jessica
D:4:      nicolae_cairo_tiling, layout_cave_pools, kennysheep_little_box,
          serial_co_window_serial, co_window_corner_a, co_window_paths_a,
          co_window_corner_a, co_window_corner_a, co_window_of_opportunity_a,
          co_window_unsneaky_path_c, co_window_unsneaky_path_d,
          co_window_corner_b, co_window_of_opportunity_b, glass_columns_b,
          glass_columns_a, glass_columns_b, glass_columns_c, glass_columns_c

Skill      XL: |  1  2  3  4  5 |
---------------+----------------+-----
Stealth        | 2 3 |  3.3
Dodging        | 2 |  2.4
Fighting       | 1 |  1.8
Necromancy     | 5 |  5.5
Armour         | 1 |  1.4
Spellcasting   | 3 |  3.1

Action                   |  1- 3 |  4- 6 || total
-------------------------+-------+-------++-------
Melee: Whip              |    45 |   108 ||   153
       Unarmed           |     1 |       ||     1
       Punch             |     2 |     1 ||     3
       Touch             |       |    19 ||    19
 Cast: Pain              |    30 |    26 ||    56
       Animate Skeleton  |     8 |     2 ||    10
       Vampiric Draining |     1 |       ||     1
  Use: Scroll            |       |     4 ||     4
       Potion            |       |     1 ||     1
 Stab: Sleeping          |     1 |     1 ||     2
Armor: Robe              |    11 |    21 ||    32
Dodge: Dodged            |    27 |    78 ||   105
